 Dungeon Crawl Stone Soup version 0.24.1-8-ga250c9d538 (webtiles) character file.

Game seed: 9999288075138010778, levelgen mode: deterministic

123 Gabide the Cudgeler (level 5, -6/41 HPs)
             Began as a Human Fighter on May 1, 2020.
             Was a Follower of Elyvilon.
             Killed by nerve-wracking pain
             ... invoked by Grinder
              (12 damage)
             ... on level 3 of the Dungeon.
             The game lasted 00:05:33 (2237 turns).

Gabide the Cudgeler (Human Fighter)                 Turns: 2237, Time: 00:05:34

Health: -6/41      AC:  8    Str: 17    XL:     5   Next: 28%
Magic:  5/5        EV:  7    Int:  8    God:    Elyvilon [*.....]
Gold:   134        SH:  9    Dex: 13    Spells: 4/4 levels left

rFire    . . .     SeeInvis .   a - +1 flail
rCold    . . .     Gourm    .   c - +0 shield
rNeg     . . .     Faith    .   b - +0 scale mail
rPois    .         Spirit   .   (no helmet)
rElec    .         Reflect  .   (no cloak)
rCorr    .         Harm     .   k - +0 pair of gloves
MR       .....                  (no boots)
Stlth    ..........             (no amulet)
HPRegen  0.13/turn              (no ring)
MPRegen  0.09/turn              (no ring)

@: no status effects
A: no striking features
a: Lesser Healing, Divine Protection, Renounce Religion


You were on level 3 of the Dungeon.
You worshipped Elyvilon.
Elyvilon was aware of your devotion.
You were not hungry.

You visited 1 branch of the dungeon, and saw 3 of its levels.

You collected 134 gold pieces.

Inventory:

Hand Weapons
 a - a +1 flail (weapon)
Missiles
 h - 98 stones (quivered)
Armour
 b - a +0 scale mail (worn)
 c - a +0 shield (worn)
 k - a +0 pair of gloves (worn)
Wands
 i - a wand of iceblast (8)
Scrolls
 m - 2 scrolls of remove curse
Potions
 e - a potion of brilliance {unknown}
 g - a potion of flight {unknown}
Comestibles
 d - 7 chunks of flesh
 f - 7 rations


   Skills:
 * Level 3.6 Fighting
 * Level 3.8 Maces & Flails
 + Level 3.5 Armour
 + Level 0.7 Dodging
 + Level 3.2 Shields


You had 4 spell levels left.
You didn't know any spells.
Your spell library was empty.

Dungeon Overview and Level Annotations

Branches:
Dungeon (3/15)

Altars:
Elyvilon

Annotations:
D:3 1 runed translucent door, Crazy Yiuf, Grinder


Message History

Grinder partially resists.
Grinder is lightly wounded.
You hear a shout!
Grinder gestures at you.
You suddenly lose the ability to move!
Grinder says, "I used to sell toenails on the black market."
Grinder hits you.
You writhe in agony.
You can move again.
You hit Grinder.
Grinder is moderately wounded.
Grinder hits you.
* * * LOW HITPOINT WARNING * * *
You writhe in agony.
* * * LOW HITPOINT WARNING * * *
Unknown command.
You barely miss Grinder.
Grinder is moderately wounded.
Grinder gestures at you. Pain shoots through your body!
You die...

.# #.# .#.## #.#
##....##
###.#######...#.. .
#<.................
#.#.######....#..#
#.#.##...........#
# #..............#
####.###5###..##
#.# #@# # #.# #.#
..####.###.#
#..........#
############


You could see Grinder.

Vanquished Creatures
  Robin (D:3)
  An adder (D:2)
  An ooze (D:3)
  2 worms
  2 dart slugs
  3 leopard geckos
  9 bats
  3 giant cockroaches
  13 goblins
  13 hobgoblins
  5 jackals (D:3)
  4 quokkas
  A ball python (D:3)
  2 frilled lizards
  10 kobolds
  7 rats
77 creatures vanquished.

Notes
Turn   | Place    | Note
-------+----------+-------------------------------------------
     0 | D:1      | Gabide the Human Fighter began the quest for the Orb.
     0 | D:1      | Reached XP level 1. HP: 18/18 MP: 1/1
    69 | D:1      | Reached XP level 2. HP: 20/24 MP: 2/2
   182 | D:1      | Reached XP level 3. HP: 26/29 MP: 3/3
   366 | D:1      | You fall into a shaft and drop 1 floor!
   367 | D:2      | Found a white marble altar of Elyvilon.
   384 | D:2      | Became a worshipper of Elyvilon the Healer
   893 | D:2      | Reached XP level 4. HP: 35/35 MP: 4/4
   920 | D:2      | Reached * piety under Elyvilon
  1957 | D:3      | Found a runed translucent door.
  1958 | D:3      | Noticed Crazy Yiuf
  2084 | D:3      | Noticed Robin
  2096 | D:3      | Killed Robin
  2096 | D:3      | Reached XP level 5. HP: 38/41 MP: 5/5
  2225 | D:3      | Noticed Grinder
  2227 | D:3      | Paralysed by Grinder for 4 turns
  2233 | D:3      | Paralysed by Grinder for 3 turns
  2237 | D:3      | Killed from afar by Grinder

Levels and vault maps discovered:
D:1:      dpeg_arrival_simpleton_b, layout_basic
D:2:      wad_crossroads, layout_basic, old_standard_altar,
          minmay_misc_feat_plants
D:3:      layout_loops_ring, first_ration, uniq_crazy_yiuf_cottage,
          uniq_grinder, uniq_robin, uniq_jessica

Skill      XL: |  1  2  3  4 |
---------------+-------------+-----
Maces & Flails | 3 |  3.8
Fighting       | |  3.6
Armour         | |  3.5
Dodging        | |  0.7
Shields        | |  3.2

Action                   |  1- 3 |  4- 6 || total
-------------------------+-------+-------++-------
Melee: Flail             |   106 |   137 ||   243
Throw: Stone             |       |     4 ||     4
Evoke: Wand              |       |     1 ||     1
  Use: Scroll            |     3 |     2 ||     5
       Potion            |       |     1 ||     1
  Eat: Chunk             |       |     5 ||     5
Armor: Scale mail        |    72 |    52 ||   124
Dodge: Dodged            |    29 |    45 ||    74
Block: Shield            |    56 |    71 ||   127
